 Dungeon Crawl Stone Soup version 0.29.1-13-g9f3cf754e1 (webtiles) character file.

Game seed: 1981987045953252751

207 growler the Trooper (level 5, -3/42 HPs)
             Began as a Demonspawn Wanderer on Feb 1, 2023.
             Slain by a gnoll
             ... wielding a +0 halberd
              (5 damage)
             ... on level 4 of the Dungeon.
             The game lasted 00:08:07 (3938 turns).

growler the Trooper (Demonspawn Wanderer)           Turns: 3938, Time: 00:08:08

Health: -3/42      AC:  5    Str: 13    XL:     5   Next: 54%
Magic:  5/5        EV: 12    Int: 12    God:
Gold:   158        SH:  0    Dex: 15    Spells: 4/4 levels left

rFire   . . .      SeeInvis .   a - +2 spear
rCold   . . .      Faith    .   (no shield)
rNeg    . . .      Spirit   .   e - +0 leather armour
rPois   .          Reflect  .   (no helmet)
rElec   .          Harm     .   c - +0 cloak
rCorr   .          Rampage  .   o - +0 pair of gloves
Will    .....                   (no boots)
Stlth   +.........              (no amulet)
HPRegen 0.14/turn               (no ring)
MPRegen 0.09/turn               (no ring)

@: no status effects
A: foul stench 1
a: no special abilities


You were on level 4 of the Dungeon.
You visited 1 branch of the dungeon, and saw 4 of its levels.

You collected 158 gold pieces.

Inventory:

Hand Weapons
 a - a +2 spear (weapon)
 b - a +0 sling
Armour
 c - a +0 cloak (worn)
 e - a +0 leather armour (worn)
 o - a +0 pair of gloves (worn)
Jewellery
 n - a ring of resist corrosion
 w - a +4 ring of evasion
Scrolls
 d - 3 scrolls of fog
 f - a scroll of summoning {unknown}
 g - a scroll of noise {unknown}
 h - 3 scrolls of magic mapping
 m - a scroll of fear {unknown}
 r - a scroll of enchant weapon {unknown}
 s - a scroll of blinking {unknown}
 x - a scroll of enchant armour {unknown}
 y - a scroll of poison {unknown}
 z - a scroll of teleportation {unknown}
Potions
 j - 5 potions of brilliance {unknown}
 k - 2 potions of curing
 l - a potion of attraction
 p - a potion of resistance
 q - a potion of mutation
 t - 2 potions of flight
 u - 2 potions of berserk rage {unknown}
 v - a potion of heal wounds


   Skills:
 + Level 3.7 Fighting
 - Level 2.6 Polearms
 + Level 3.5 Ranged Weapons
 - Level 1.0 Throwing
 - Level 1.7 Armour
 - Level 2.6 Dodging


You had 4 spell levels left.
You didn't know any spells.
Your spell library was empty.

Dungeon Overview and Level Annotations

Branches:
Dungeon (4/15)             Temple (0/1) D:4

Altars:
Hepliaklqana

Shops:
D:3 :


Innate Abilities, Weirdness & Mutations

You may rarely emit foul miasma when damaged in melee.


Message History

Reach: a) +2 spear
Press: ? - help, Dir - move target, f/p - gnoll
Aim: a gnoll, wielding a +0 flail (heavily wounded, about 31% to evade your +2 spear)
You reach to attack!
You hit the gnoll but do no damage.
The gnoll is heavily wounded.
Reach: a) +2 spear
Press: ? - help, Dir - move target, f/p - gnoll
Aim: a gnoll, wielding a +0 flail (heavily wounded, about 31% to evade your +2 spear)
You reach to attack!
You closely miss the gnoll.
The gnoll is heavily wounded.
Reach: a) +2 spear
Press: ? - help, Dir - move target, f/p - gnoll
Aim: a gnoll, wielding a +0 flail (heavily wounded, about 31% to evade your +2 spear)
You reach to attack!
You hit the gnoll.
The gnoll is almost dead.
Reach: a) +2 spear
Press: ? - help, Dir - move target, f/p - gnoll
Aim: a gnoll, wielding a +0 flail (almost dead, about 31% to evade your +2 spear)
You hit the gnoll but do no damage.
The gnoll is almost dead.
The gnoll barely misses you.
You hit the gnoll.
You kill the gnoll!
The gnoll hits you from afar with a +0 halberd!
The gnoll hits you with a +0 halberd!
* * * LOW HITPOINT WARNING * * *
Things that are here:
a +0 flail; a +0 spear You hit the gnoll.
Your punch misses the gnoll.
The gnoll is lightly wounded.
The gnoll barely misses you. The gnoll hits you with a +0 whip.
* * * LOW HITPOINT WARNING * * *
You emit a cloud of foul miasma!
You hit the gnoll.
The gnoll is moderately wounded.
The gnoll is engulfed in dark miasma.
The gnoll is poisoned.
The gnoll hits you with a +0 whip.
* * * LOW HITPOINT WARNING * * *
The gnoll hits you with a +0 halberd.
You die...

**,,,,,,,,********* **,.......
*,,,.g,,,#.,,,...* #..#######
*,,,.g.,,#.,,,,..####.########
*,,,....<#.,,,,......(##......
*,,,....##.,,,,,#.....##......
******.....*****#.....##......
**,...* #.....##......
**##..##.######.....##......
*,.>......g@g........'......
*,######.######.....##......
******,* #.* #....[##......
,,,,,,,* #?* #.....##......
,***********#.* #.....##......
,* *,,,..* #.....##......
,***** *,,,..* #.....##......
,,,,,* *,,,..* #.....########
****,****,,,,,* #.....# #


You could see 2 gnolls.

Vanquished Creatures
  An iguana (D:4)
  5 gnolls
  2 adders
  A howler monkey skeleton (D:2)
  An adder skeleton (D:2)
  2 adder zombies (D:2)
  A worm (D:3)
  5 dart slugs
  6 orcs
  8 ball pythons
  6 bats
  2 bat skeletons (D:2)
  5 endoplasms
  2 giant cockroaches
  3 goblins
  5 hobgoblins
  7 quokkas
  2 frilled lizards
  A jackal zombie (D:2)
  6 kobolds
  9 rats
80 creatures vanquished.

Notes
Turn   | Place    | Note
-------+----------+-------------------------------------------
     0 | D:1      | growler the Demonspawn Wanderer began the quest for the
                  | Orb.
     0 | D:1      | growler set off with the following items: a +2 spear, a +0
                  | sling, a +0 cloak, a scroll of fog, a +0 leather armour.
     0 | D:1      | Reached XP level 1. HP: 13/13 MP: 1/1
   231 | D:1      | Reached skill level 1 in Fighting
   253 | D:1      | Gained mutation: You may rarely emit foul miasma when
                  | damaged in melee. [demonic ancestry]
   253 | D:1      | Reached XP level 2. HP: 17/21 MP: 2/2
  1342 | D:2      | Reached XP level 3. HP: 27/27 MP: 3/3
  1354 | D:2      | Found a hazy altar of Hepliaklqana.
  1628 | D:2      | Reached XP level 4. HP: 10/34 MP: 4/4
  2478 | D:2      | Found a faded altar of an unknown god.
  2780 | D:3      | Found Oqiuko's Book Shoppe.
  3065 | D:2      | Reached XP level 5. HP: 19/41 MP: 5/5
  3758 | D:4      | Found a staircase to the Ecumenical Temple.
  3938 | D:4      | HP: 2/42 [gnoll/+0 whip (2)]
  3938 | D:4      | Slain by a gnoll

Illustrated notes

Levels and vault maps discovered:
D:1:      wander_arrival_peaceful_grave, layout_loops_corners
D:2:      layout_rooms, basic_altar, serial_undead, serial_undead_d,
          serial_undead_f, serial_undead_f, serial_undead_e, serial_undead_f,
          serial_undead_d, shapermc_ecumenical_altar_mp_vishouse
D:3:      layout_rooms, serial_shops, nicolae_shop_competitors_out_of_business,
          minmay_misc_feat_encased
D:4:      layout_basic, minmay_temple_entry_poolview

Skill      XL: |  1  2  3  4 |
---------------+-------------+-----
Fighting       | 1 2 3 |  3.7
Ranged Weapons | 2 3 |  3.5
Polearms       | |  2.6
Throwing       | |  1.0
Armour         | |  1.7
Dodging        | |  2.6

Action                   |  1- 3 |  4- 6 || total
-------------------------+-------+-------++-------
Melee: Spear             |    11 |    59 ||    70
       Punch             |       |     3 ||     3
 Fire: Sling             |   122 |   164 ||   286
  Use: Scroll            |       |     7 ||     7
Armor: Leather armour    |    33 |    48 ||    81
Dodge: Dodged            |    58 |    91 ||   149
